 Dungeon Crawl Stone Soup version 0.22.1-2-g9c5b331 (webtiles) character file.

823 Goblin1989 the Covert (level 7, 0/45 HPs)
             Began as an Octopode Assassin on Dec 27, 2018.
             Was an Initiate of Gozag.
             Slain by a centaur (3 damage)
             ... on level 5 of the Dungeon.
             The game lasted 00:10:54 (5416 turns).

Goblin1989 the Covert (Octopode Assassin)           Turns: 5416, Time: 00:10:55

Health: 0/45       AC:  1    Str: 10    XL:     7   Next: 96%
Magic:  7/7        EV: 14    Int: 13    God:    Gozag
Gold:   148        SH:  0    Dex: 16    Spells: 6/6 levels left

rFire    . . .     SeeInvis .   a - +3 dagger
rCold    . . .     Gourm    .   (no shield)
rNeg     . . .     Faith    .   (helmet restricted)
rPois    .         Spirit   .   (no amulet)
rElec    .         Reflect  .   m - ring of protection from magic
rCorr    .         Harm     .   (no ring)
MR       +....                  (no ring)
Stlth    ++++++....             (no ring)
HPRegen  0.15/turn              (no ring)
MPRegen  0.10/turn              (no ring)
                                (no ring)
                                (no ring)

@: gold aura
A: almost no armour, stealthy swim, amphibious, 8 rings, constrict 8, camouflage
1, gelatinous body 1
a: Potion Petition, Call Merchant, Bribe Branch, Renounce Religion


You were on level 5 of the Dungeon.
You worshipped Gozag.
Gozag was aware of your devotion.
You were hungry.

You visited 1 branch of the dungeon, and saw 5 of its levels.

You collected 207 gold pieces.
You paid 59 gold pieces to Gozag.

Inventory:

Hand Weapons
 a - a +3 dagger (weapon)
 w - a +0 blowgun {@w1}
 I - a +0 hunting sling
 X - a +2 dagger of chaos
Missiles
 c - 18 poisoned needles
 d - 2 curare-tipped needles
 x - 150 stones (quivered) {@Q3}
 C - 65 sling bullets
 P - 14 bolts
 Y - 20 arrows
Jewellery
 m - a ring of protection from magic (left tentacle)
Wands
 N - a wand of paralysis (14) {@v7}
 S - a wand of acid (7) {@v2}
 V - a wand of digging (11) {@v1}
Scrolls
 y - 2 scrolls of remove curse {@r3}
 H - a scroll of enchant weapon
 M - a scroll of amnesia
 R - 4 scrolls of identify {@r1}
 T - 2 scrolls of teleportation {!r, @r2}
 W - 2 scrolls of magic mapping {unknown}
 Z - a scroll of torment {unknown}
Potions
 z - 2 potions of agility {@q5}
 A - 3 potions of curing {@q1}
 Q - a potion of lignification {unknown}
 U - a potion of heal wounds {@q2}
Comestibles
 e - 10 rations
 O - 6 chunks of flesh


   Skills:
 + Level 2.5 Fighting
 + Level 2.6 Short Blades
 - Level 2.0 Throwing
 * Level 2.6 Dodging
 - Level 12.0 Stealth


You had 6 spell levels left.
You didn't know any spells.
Your spell library was empty.

Dungeon Overview and Level Annotations

Branches:
Dungeon (5/15)             Temple (0/1) D:5

Altars:
Ashenzari
Dithmenos
Fedhas
Gozag
Makhleb
Ru
Trog
Xom

Shops:
D:5 %[

Annotations:
D:3 1 runed door


Innate Abilities, Weirdness & Mutations

You cannot wear most types of armour.
You are very stealthy in the water. (Stealth+)
You are amphibious.
You can wear up to eight rings at the same time.
You can use your tentacles to constrict eight enemies at once.
Your skin changes colour to match your surroundings (Stealth+).
Your rubbery body absorbs attacks. (AC +1, EV +1)


Message History

A frilled lizard comes into view.
Found a staircase to the Ecumenical Temple.
You closely miss the frilled lizard.
The frilled lizard hisses angrily.
You grab the frilled lizard. Your squeeze misses the frilled lizard.
You constrict the frilled lizard.
You kill the frilled lizard!
No target in view!
No target in view!
No target in view!
No target in view!
No target in view!
No target in view!
No target in view!
No target in view!
No target in view!
No target in view!
No target in view!
No target in view!
No target in view!
No target in view!
No target in view!
No target in view!
No target in view!
No target in view!
No target in view!
No target in view!
No target in view!
No target in view!
You now have 148 gold pieces (gained 5).
Key pressed, stopping explore.
e - 10 rations (gained 1)
The worker ant is too close now for your liking.
A centaur comes into view.
You are feeling hungry.
The worker ant twitches its antennae in your direction.
You hit the worker ant. You grab the worker ant.
The worker ant is moderately wounded.
You constrict the worker ant. The worker ant misses you.
You hit the worker ant but do no damage.
You squeeze the worker ant.
The worker ant is heavily wounded.
You constrict the worker ant. The worker ant bites you.
You take 2 damage, and have 43/45 hp.
You barely miss the worker ant.
The worker ant is severely wounded.
You constrict the worker ant, but do no damage.
The worker ant barely misses you.
You completely miss the worker ant.
The worker ant is severely wounded.
You constrict the worker ant, but do no damage.
The worker ant barely misses you.
The centaur wields a shortbow.
The centaur shoots an arrow.
The arrow hits you!
You take 9 damage, and have 34/45 hp.
You hit the worker ant but do no damage.
You squeeze the worker ant.
You kill the worker ant!
The centaur shoots an arrow.
The arrow barely misses you.
The centaur unwields an uncursed shortbow.
The centaur hits you.
You take 6 damage, and have 28/45 hp.
You hit the centaur but do no damage. The centaur hits you.
You take 5 damage, and have 23/45 hp.
You are too injured to fight recklessly!
You are too injured to fight recklessly!
You are too injured to fight recklessly!
You are too injured to fight recklessly!
You are too injured to fight recklessly!
You are too injured to fight recklessly!
You are too injured to fight recklessly!
You are too injured to fight recklessly!
You are too injured to fight recklessly!
You are too injured to fight recklessly!
You are too injured to fight recklessly!
You are too injured to fight recklessly!
You are too injured to fight recklessly!
You are too injured to fight recklessly!
You are too injured to fight recklessly!
You are too injured to fight recklessly!
You are too injured to fight recklessly!
You are too injured to fight recklessly!
You are too injured to fight recklessly!
Unknown command.
You barely miss the centaur. The centaur hits you!
* * * LOW HITPOINT WARNING * * *
You take 7 damage, and have 16/45 hp.
You hit the centaur but do no damage. The centaur barely misses you.
The centaur hits you!
* * * LOW HITPOINT WARNING * * *
You take 9 damage, and have 7/45 hp.
You hit the centaur.
The centaur is lightly wounded.
The centaur hits you.
* * * LOW HITPOINT WARNING * * *
You take 4 damage, and have 3/45 hp.
You hit the centaur but do no damage. You squeeze the centaur.
The centaur is moderately wounded.
The centaur hits you.
You die...
Your body crumbles into a pile of gold.

......$.. █...
..........█ █.██
..........█ █.█
..........█ .█████.██
..........█ ..........
█........█ █......≈≈≈≈≈
█........█ █....≈≈≈≈≈≈≈
█....c$..█ █..≈≈≈≈≈≈≈≈≈
█.....@(.███.≈≈≈≈≈≈≈≈≈≈
█.......(██..≈≈≈≈≈≈...≈
█........██..≈≈≈≈≈≈.>.≈
█............≈≈≈≈≈≈...≈
███████████...≈≈≈≈≈≈≈≈≈
█.....≈≈≈≈≈≈≈
█.......≈≈≈≈≈
█............
█....████████


You could see a centaur.

Vanquished Creatures
  Grinder (D:3)
  An ogre (D:5)
  2 crimson imps
  A centaur zombie (D:4)
  A bullfrog zombie (D:3)
  A jelly (D:5)
  A bullfrog skeleton (D:4)
  3 worker ants
  2 orc wizards (D:4)
  A hound skeleton (D:5)
  4 gnolls (D:2)
  6 adders
  A shadow imp (D:2)
  An ooze (D:4)
  An adder skeleton (D:4)
  2 worms (D:2)
  A dart slug (D:3)
  4 leopard geckos
  8 orcs
  6 giant cockroaches
  7 goblins
  8 hobgoblins
  11 jackals
  11 kobolds
  3 quokkas
  A ball python (D:2)
  10 bats
  5 frilled lizards
  3 leopard gecko skeletons
  A leopard gecko zombie (D:4)
  8 rats
116 creatures vanquished.

Notes
Turn   | Place    | Note
-------+----------+-------------------------------------------
     0 | D:1      | Goblin1989 the Octopode Assassin began the quest for the
                  | Orb.
     0 | D:1      | Reached XP level 1. HP: 14/14 MP: 1/1
   159 | D:1      | Reached XP level 2. HP: 19/19 MP: 2/2
   290 | D:1      | Reached skill level 6 in Stealth
   582 | D:1      | Reached XP level 3. HP: 24/24 MP: 3/3
   733 | D:1      | Reached skill level 7 in Stealth
  1111 | D:2      | Found a bloodstained altar of Trog.
  1396 | D:2      | Reached XP level 4. HP: 22/29 MP: 4/4
  1408 | D:2      | Reached skill level 8 in Stealth
  2424 | D:2      | Reached XP level 5. HP: 28/34 MP: 5/5
  2740 | D:3      | Reached skill level 9 in Stealth
  2783 | D:3      | Noticed Grinder
  2834 | D:3      | Found a runed door.
  2907 | D:3      | Found a blossoming altar of Fedhas.
  2916 | D:3      | Found a shattered altar of Ashenzari.
  2917 | D:3      | Found a shadowy altar of Dithmenos.
  3461 | D:3      | Paralysed by Grinder for 4 turns
  3471 | D:3      | Killed Grinder
  3471 | D:3      | Reached skill level 11 in Stealth
  3471 | D:3      | Reached XP level 6. HP: 30/39 MP: 6/6
  3617 | D:4      | Reached XP level 7. HP: 45/45 MP: 7/7
  4270 | D:4      | Found a burning altar of Makhleb.
  4270 | D:4      | Found a shimmering altar of Xom.
  4632 | D:4      | Found a shattered altar of Ashenzari.
  4789 | D:5      | Entered Level 5 of the Dungeon
  4792 | D:5      | Reached skill level 12 in Stealth
  5181 | D:5      | Found Cerigudda's Antique Armour Shop.
  5262 | D:5      | Found an opulent altar of Gozag.
  5263 | D:5      | Found Cyn Luxt's Food Boutique.
  5295 | D:5      | Became a worshipper of Gozag Ym Sagoz the Greedy
  5333 | D:5      | Found a sacrificial altar of Ru.
  5373 | D:5      | Found a staircase to the Ecumenical Temple.
  5416 | D:5      | Slain by a centaur

Skill      XL: |  1  2  3  4  5  6  7 |
---------------+----------------------+-----
Stealth        | 6 7 8 11 12 | 12.0
Dodging        | 2 |  2.6
Fighting       | |  2.5
Short Blades   | |  2.6
Throwing       | |  2.0

Action                   |  1- 3 |  4- 6 |  7- 9 || total
-------------------------+-------+-------+-------++-------
Melee: Dagger            |    67 |    88 |    76 ||   231
       Constrict         |    17 |    19 |    18 ||    54
       Tentacles         |     6 |    13 |    17 ||    36
 Fire: Blowgun           |       |       |     9 ||     9
  Use: Scroll            |       |     5 |       ||     5
       Potion            |       |     3 |       ||     3
 Stab: Sleeping          |    18 |    24 |     8 ||    50
       Distracted        |       |       |     1 ||     1
  Eat: Chunk             |     1 |     7 |     2 ||    10
       Ration            |       |       |     1 ||     1
Armor: Skin              |     2 |     2 |     4 ||     8
Dodge: Dodged            |    37 |    37 |    35 ||   109

Vault maps used:
D:1:      scummos_arrival_forest, minmay_misc_feat_room
D:2:      bloody_trog, first_ration, minmay_misc_feat_tower, fountainhead
D:3:      minitemple, portal_sewer_entry_d, uniq_grinder,
          uniq_crazy_yiuf_cottage
D:4:      grunt_temple_overflow_champion_of_chaos, serial_undead,
          serial_undead_d, serial_undead_c, serial_undead_a, serial_undead_c,
          grunt_ministairs_4, nicolae_ashenzari_panopticon
D:5:      lemuel_doored_altar, temple_pool_b, serial_shops, shop,
          nicolae_shop_window_shopping, nicolae_gozag_seed_capital
